 Dungeon Crawl Stone Soup version 0.22-a0-78-g0f8607c5c5 (webtiles) character file.

78850 GOR the Fighter (level 15, 0/117 HPs)
             Began as a Gnoll Wanderer on Jan 16, 2018.
             Was the Champion of Okawaru.
             Shot with an arrow by a centaur warrior (8 damage)
             ... on level 11 of the Dungeon.
             The game lasted 02:08:23 (30935 turns).

GOR the Fighter (Gnoll Wanderer)                   Turns: 30935, Time: 02:08:24

Health: 0/117      AC: 10    Str: 28    XL:     15   Next: 61%
Magic:  3/28       EV:  2    Int: 17    God:    Okawaru [******]
Gold:   1636       SH:  0    Dex: 16    Spells: 1/33 levels left

rFire    . . .     SeeInvis .   B - +4 scimitar (venom)
rCold    . . .     Gourm    .   j - +0 buckler
rNeg     + + +     Faith    .   y - +2 ring mail {rPois}
rPois    ∞         Spirit   .   w - +1 helmet
rElec    .         Reflect  .   (no cloak)
rCorr    .         Harm     .   i - +2 pair of gloves {Str+3}
MR       +....                  W - +0 pair of boots
Stlth    ++++......             (no amulet)
HPRegen  0.29/turn              k - +5 ring of evasion
MPRegen  0.21/turn              T - +6 ring of strength

@: petrified, corroded
A: distributed training, fangs 1, talons 1, thin metallic scales 1, thin
skeletal structure 1, sturdy frame 1, strong nose
a: Heroism, Finesse, Renounce Religion


You were on level 11 of the Dungeon.
You worshipped Okawaru.
Okawaru was exalted by your worship.
You were not hungry.

You visited 3 branches of the dungeon, and saw 19 of its levels.
You also visited: Ossuary.

You collected 1636 gold pieces.

Inventory:

Hand Weapons
 B - a +4 scimitar of venom (weapon)
 D - the +6 falchion of Crystal {holy, Str+5}
   (You found it on level 6 of the Lair of Beasts)

   It has been blessed by the Shining One to cause great damage to the undead
   and demons.
   It affects your strength (+5).
Missiles
 Y - 6 javelins of penetration (quivered)
Armour
 i - a +2 pair of gloves of strength (worn)
 j - a +0 buckler (worn)
 w - a +1 helmet (worn)
 y - a +2 ring mail of poison resistance (worn)
 W - a +0 pair of boots (worn)
Jewellery
 k - a +5 ring of evasion (left hand)
 T - a +6 ring of strength (right hand)
 U - an uncursed ring of resist corrosion
Wands
 r - a wand of flame (31)
 A - a wand of scattershot (4)
 F - a wand of polymorph (22)
 M - a wand of clouds (3)
 N - a wand of digging (35)
Scrolls
 a - 3 scrolls of summoning
 b - 2 scrolls of enchant armour
 d - 7 scrolls of enchant weapon
 g - 2 scrolls of identify
 h - 10 scrolls of remove curse
 o - 2 scrolls of fog
 t - 4 scrolls of fear
 u - a scroll of magic mapping
 I - a scroll of vulnerability
 P - a scroll of brand weapon
Potions
 e - 6 potions of flight
 p - 11 potions of curing
 q - 4 potions of invisibility
 x - 3 potions of lignification
 z - a potion of might
 C - 2 potions of magic
 E - 3 potions of brilliance
 G - 2 potions of agility
 O - 2 potions of haste
Comestibles
 f - 39 rations


   Skills:
 + Level 10.5 Fighting
 + Level 9.5 Short Blades
 + Level 9.5 Long Blades
 + Level 9.5 Axes
 + Level 9.5 Maces & Flails
 + Level 9.5 Polearms
 + Level 9.5 Staves
 + Level 9.5 Slings
 + Level 9.5 Bows
 + Level 9.5 Crossbows
 + Level 9.8 Throwing
 + Level 9.8 Armour
 + Level 9.5 Dodging
 + Level 9.8 Stealth
 + Level 9.5 Shields
 + Level 9.5 Unarmed Combat
 + Level 9.9 Spellcasting
 + Level 7.9 Conjurations
 + Level 7.9 Hexes
 + Level 7.9 Charms
 + Level 7.9 Summonings
 + Level 7.9 Necromancy
 + Level 8.3 Translocations
 + Level 7.9 Transmutations
 + Level 7.9 Fire Magic
 + Level 7.9 Ice Magic
 + Level 7.9 Air Magic
 + Level 7.9 Earth Magic
 + Level 9.7 Poison Magic
 + Level 10.3 Invocations
 + Level 9.5 Evocations


You had one spell level left.
You knew the following spells:

 Your Spells              Type           Power        Failure   Level  Hunger
a - Blink                 Tloc           N/A          1%          2    None
b - Gell's Gravitas       Tloc           #####.....   1%          3    None
c - Conjure Flame         Conj/Fire      #####...     1%          3    None
d - Shroud of Golubria    Chrm/Tloc      #####.....   1%          2    None
e - Petrify               Tmut/Erth      #####...     3%          4    ###....
f - Summon Lightning Spi  Summ/Air       #####...     3%          4    ###....
g - Silence               Hex/Air        #####.....   10%         5    #####..
h - Confuse               Hex            #####...     1%          3    None
i - Regeneration          Chrm/Necr      #####.....   1%          3    None
x - Slow                  Hex            #####...     1%          2    None
z - Magic Dart            Conj           ####         1%          1    None


Dungeon Overview and Level Annotations

Branches:
Dungeon (12/15)            Temple (1/1) D:7            Lair (6/6) D:8
  Swamp (0/4) Lair:2        Snake (0/4) Lair:4        Slime (0/5) Lair:5
    Orc: D:9-12

Altars:
Ashenzari
Dithmenos
Elyvilon
Fedhas
Gozag
Hepliaklqana
Kikubaaqudgha
Nemelex Xobeh
Okawaru
Qazlal
Sif Muna
Vehumet
Xom
Yredelemnul
Zin
Jiyva

Shops:
D:9 :

Annotations:
D:3 medis's ghost, amateur MiFi
D:4 nago's ghost, novice FoHu
Lair:2 pepi55's ghost, journeyman MiFi


Innate Abilities, Weirdness & Mutations

Your experience applies equally to all skills.
You have very sharp teeth.
Your uncanny sense of smell can sniff out nearby items.
You have sharp toenails.
You are partially covered in thin metallic scales. (AC +2)
You have a somewhat thin skeletal structure. (Dex +2, Stealth)
Your movements are slightly less encumbered by armour. (ER -2)


Message History

The centaur warrior shoots an arrow.
The arrow barely misses you.
The yaktaur shoots a bolt.
The bolt hits you.
* * * LOW HITPOINT WARNING * * *
The centaur warrior shoots an arrow.
The arrow hits you!
* * * LOW HITPOINT WARNING * * *
The brown ugly thing pecks you but does no damage.
The eye of draining gazes at you.
You feel your power leaking away.
The centaur warrior shoots an arrow.
The arrow hits you but does no damage.
The yaktaur shoots a bolt.
The bolt hits you!!
* * * LOW HITPOINT WARNING * * *
The brown ugly thing pecks you.
* * * LOW HITPOINT WARNING * * *
The acid corrodes you!
You are splashed with acid!
The acid burns!
* * * LOW HITPOINT WARNING * * *
The centaur warrior shoots an arrow.
The arrow hits you!
* * * LOW HITPOINT WARNING * * *
The brown ugly thing pecks you but does no damage.
The centaur warrior shoots an arrow.
The arrow hits you!
You die...

.# ##..###..#.##.. #####..
.#########..©##©...l..# #©..
.#..........###...###.# #####..
............###.#.#K#Y. . #$###..
............##(.##.Ou.# ..#$D##..
............###...G##.# u.'!"##..
............##cc##.#..#.#.#$)##..
..#########.###)##{K..... #$###..
..# #.####@u# # #####.. ..#
#..###### ### ##..# ..#
##..#######<#### #..## ..#
##(..((......># #.## .##
#####......#.# #.# .# #.##.#.#.#
#.# .# #.#....#.# #.# .#
#.#......# #.# .# #.#.####.# #.#


You could see a brown ugly thing, a centaur warrior, a yaktaur and a big kobold.

Vanquished Creatures
  Gastronok (Lair:1)
  A fire dragon (Lair:6)
  6 hydras
  Erica (D:8)
  6 two-headed ogres
  3 death yaks (Lair:3)
  An alligator (Lair:6)
  A tengu warrior (D:10)
  The ghost of bjoernd the Fighter, a novice GrFi of Makhleb (D:9)
  Nergalle (Lair:1)
  A lindwurm (Lair:6)
  2 unseen horrors (D:11)
  A swamp dragon (Lair:6)
  A manticore (Lair:1)
  4 black mambas
  2 elephants
  Joseph (D:10)
  Psyche (D:9)
  6 spiny frogs
  4 komodo dragons
  7 rime drakes
  A hornet (D:8)
  2 queen bees
  2 tyrant leeches (Lair:2)
  14 polar bears
  7 blink frogs
  A dream sheep (Lair:6)
  9 hippogriffs
  Sigmund (D:2)
  A shadow (D:11)
  3 basilisks
  Grum (D:8)
  22 yaks
  2 steam dragons (Lair:6)
  2 nagas (Lair:4)
  4 wargs (Lair:6)
  An acid dragon (Lair:6)
  13 hell hounds (Lair:6)
  A soldier ant (D:10)
  7 water moccasins
  3 orc warriors
  10 porcupines
  12 black bears
  4 ogres
  2 hornet zombies
  2 phantoms
  2 sky beasts (D:11)
  An eye of draining (D:9)
  29 wolves
  4 centaurs
  13 crocodiles
  3 big kobolds
  15 bullfrogs
  A wyvern zombie (D:11)
  4 scorpions
  55 killer bees
  A vampire bat (Lair:2)
  An electric eel (Lair:6)
  8 howler monkeys
  2 bullfrog zombies
  2 crimson imps
  A quasit (D:8)
  7 hounds
  2 centaur zombies
  3 jellies
  10 orc wizards
  12 orc priests
  2 bullfrog skeletons
  4 iguanas
  12 worker ants
  A killer bee zombie (D:6)
  8 mummies (Ossuary)
  A worker ant zombie (D:8)
  12 adders
  6 gnolls
  2 river rats (Lair:2)
  4 shadow imps
  An adder zombie (D:6)
  2 dart slugs (D:1)
  2 worms
  7 leopard geckos
  39 orcs
  5 giant cockroaches
  A gnoll zombie (Ossuary)
  4 goblins
  7 hobgoblins
  7 jackals
  6 quokkas
  2 ball pythons
  13 bats
  10 frilled lizards
  2 hobgoblin zombies (Ossuary)
  20 kobolds
  A kobold zombie (Ossuary)
  4 orc zombies (Ossuary)
  A quokka zombie (D:9)
  9 rats
  2 plants (D:8)
552 creatures vanquished.

Vanquished Creatures (collateral kills)
  3 dream sheep (Lair:6)
  A basilisk (Lair:6)
  4 hell hounds (Lair:6)
8 creatures vanquished.

Vanquished Creatures (others)
  7 fungi
  27 plants
34 creatures vanquished.

Grand Total: 594 creatures vanquished

Notes
Turn   | Place    | Note
-------+----------+-------------------------------------------
     0 | D:1      | GOR the Gnoll Wanderer began the quest for the Orb.
     0 | D:1      | GOR set off with: a book of Minor Magic, a +0 ring mail, the Catalogue of Dislocation, a +0 club, a ration
     0 | D:1      | Reached XP level 1. HP: 20/20 MP: 4/4
    20 | D:1      | HP: 1/20 [leopard gecko (1)]
    23 | D:1      | Reached XP level 2. HP: 2/26 MP: 5/5
   502 | D:1      | Learned a level 1 spell: Magic Dart
   502 | D:1      | Identified the Catalogue of Dislocation
   505 | D:1      | Learned a level 2 spell: Slow
  1021 | D:1      | Reached XP level 3. HP: 22/31 MP: 7/7
  1393 | D:2      | Found a white marble altar of Elyvilon.
  1715 | D:2      | Reached skill level 1 in Invocations
  1751 | D:2      | Reached skill level 1 in Short Blades
  1751 | D:2      | Reached skill level 1 in Long Blades
  1751 | D:2      | Reached skill level 1 in Axes
  1751 | D:2      | Reached skill level 1 in Maces & Flails
  1751 | D:2      | Reached skill level 1 in Polearms
  1751 | D:2      | Reached skill level 1 in Staves
  1751 | D:2      | Reached skill level 1 in Slings
  1751 | D:2      | Reached skill level 1 in Bows
  1751 | D:2      | Reached skill level 1 in Crossbows
  1751 | D:2      | Reached skill level 1 in Dodging
  1751 | D:2      | Reached skill level 1 in Shields
  1751 | D:2      | Reached skill level 1 in Unarmed Combat
  1751 | D:2      | Reached skill level 1 in Evocations
  1751 | D:2      | Reached XP level 4. HP: 23/38 MP: 8/8
  2103 | D:2      | Found a shattered altar of Ashenzari.
  2442 | D:2      | Reached skill level 1 in Conjurations
  2442 | D:2      | Reached skill level 1 in Hexes
  2442 | D:2      | Reached skill level 1 in Charms
  2442 | D:2      | Reached skill level 1 in Summonings
  2442 | D:2      | Reached skill level 1 in Necromancy
  2442 | D:2      | Reached skill level 1 in Transmutations
  2442 | D:2      | Reached skill level 1 in Fire Magic
  2442 | D:2      | Reached skill level 1 in Ice Magic
  2442 | D:2      | Reached skill level 1 in Air Magic
  2442 | D:2      | Reached skill level 1 in Earth Magic
  2724 | D:2      | Noticed Sigmund
  2761 | D:2      | Killed Sigmund
  2761 | D:2      | Reached XP level 5. HP: 20/43 MP: 8/10
  2761 | D:2      | Reached XP level 6. HP: 24/50 MP: 8/11
  3096 | D:3      | Noticed medis's ghost (amateur MiFi)
  4509 | D:4      | Noticed nago's ghost (novice FoHu)
  4527 | D:4      | Reached skill level 5 in Fighting
  5123 | D:4      | Found a shadowy altar of Dithmenos.
  5179 | D:4      | Reached XP level 7. HP: 54/56 MP: 12/12
  5732 | D:4      | Found a faded altar of an unknown god.
  5732 | D:4      | Found an opulent altar of Gozag.
  5738 | D:4      | Found an iron altar of Okawaru.
  5742 | D:4      | Found a sparkling altar of Nemelex Xobeh.
  5744 | D:4      | Found a basalt altar of Yredelemnul.
  5773 | D:4      | Became a worshipper of Warmaster Okawaru
  5846 | D:5      | Entered Level 5 of the Dungeon
  6702 | D:5      | Found a shadowy altar of Dithmenos.
  6711 | D:5      | Found a stormy altar of Qazlal.
  6714 | D:5      | Found a glowing silver altar of Zin.
  6717 | D:5      | Found a hazy altar of Hepliaklqana.
  7175 | D:6      | Reached * piety under Okawaru
  7175 | D:6      | Reached XP level 8. HP: 59/63 MP: 12/14
  7958 | D:6      | Found a deep blue altar of Sif Muna.
  7985 | D:6      | Learned a level 2 spell: Blink
  7989 | D:6      | Learned a level 3 spell: Conjure Flame
  7991 | D:6      | Learned a level 1 spell: Apportation
  8283 | D:7      | Found a shimmering altar of Xom.
  8306 | D:7      | Reached ** piety under Okawaru
  8924 | D:7      | Reached XP level 9. HP: 52/69 MP: 16/16
  9102 | D:7      | Found a staircase to the Ecumenical Temple.
  9970 | Temple   | Entered the Ecumenical Temple
 10003 | D:8      | Reached skill level 5 in Spellcasting
 10004 | D:8      | Noticed Grum
 10019 | D:8      | Killed Grum
 10022 | D:8      | Reached skill level 5 in Throwing
 10022 | D:8      | Reached skill level 5 in Armour
 10302 | D:8      | Reached skill level 5 in Stealth
 10310 | D:8      | Reached *** piety under Okawaru
 10328 | D:8      | Noticed a two-headed ogre
 10357 | D:8      | Killed a two-headed ogre
 10357 | D:8      | Reached skill level 5 in Invocations
 10357 | D:8      | Reached XP level 10. HP: 56/77 MP: 13/18
 10516 | D:8      | Noticed Erica
 10522 | D:8      | Found a sand-covered staircase.
 10528 | Ossuary  | Entered an ossuary
 10982 | D:8      | Received a gift from Okawaru
 11018 | D:8      | Gained mutation: Your body sometimes deteriorates upon taking damage. [potion of mutation]
 11018 | D:8      | Gained mutation: Your movements are slightly less encumbered by armour. (ER -2) [potion of mutation]
 11018 | D:8      | Gained mutation: You have a somewhat thin skeletal structure. (Dex +2, Stealth) [potion of mutation]
 11018 | D:8      | Gained mutation: You have a pair of small antennae on your head. [potion of mutation]
 11317 | D:8      | Found a staircase to the Lair.
 11343 | D:8      | Paralysed by a hornet for 1 turns
 11375 | D:8      | Reached skill level 5 in Short Blades
 11375 | D:8      | Reached skill level 5 in Long Blades
 11375 | D:8      | Reached skill level 5 in Axes
 11375 | D:8      | Reached skill level 5 in Maces & Flails
 11375 | D:8      | Reached skill level 5 in Polearms
 11375 | D:8      | Reached skill level 5 in Staves
 11375 | D:8      | Reached skill level 5 in Slings
 11375 | D:8      | Reached skill level 5 in Bows
 11375 | D:8      | Reached skill level 5 in Crossbows
 11375 | D:8      | Reached skill level 5 in Dodging
 11375 | D:8      | Reached skill level 5 in Shields
 11375 | D:8      | Reached skill level 5 in Unarmed Combat
 11375 | D:8      | Reached skill level 5 in Evocations
 11611 | D:8      | Found a blossoming altar of Fedhas.
 11949 | D:8      | Noticed Psyche
 12482 | D:9      | Found Zifeb's Book Shoppe.
 12765 | D:9      | Noticed bjoernd's ghost (novice GrFi)
 13119 | D:9      | Reached **** piety under Okawaru
 13360 | D:9      | Reached skill level 5 in Translocations
 13639 | D:9      | Noticed a two-headed ogre
 13649 | D:9      | Killed a two-headed ogre
 13649 | D:9      | Reached ***** piety under Okawaru
 13675 | D:9      | Reached XP level 11. HP: 72/84 MP: 20/20
 13736 | D:9      | Received a gift from Okawaru
 13940 | D:9      | Noticed a two-headed ogre
 13954 | D:9      | Killed a two-headed ogre
 14277 | D:9      | Killed bjoernd's ghost
 14277 | D:9      | Reached skill level 5 in Conjurations
 14277 | D:9      | Reached skill level 5 in Hexes
 14277 | D:9      | Reached skill level 5 in Charms
 14277 | D:9      | Reached skill level 5 in Summonings
 14277 | D:9      | Reached skill level 5 in Necromancy
 14277 | D:9      | Reached skill level 5 in Transmutations
 14277 | D:9      | Reached skill level 5 in Fire Magic
 14277 | D:9      | Reached skill level 5 in Ice Magic
 14277 | D:9      | Reached skill level 5 in Air Magic
 14277 | D:9      | Reached skill level 5 in Earth Magic
 14709 | D:10     | Entered Level 10 of the Dungeon
 14709 | D:10     | Noticed a five-headed hydra
 15447 | D:10     | Noticed Joseph
 15463 | D:10     | Killed Joseph
 15463 | D:10     | Received a gift from Okawaru
 15711 | D:10     | Noticed a tengu warrior
 15719 | D:10     | Killed a tengu warrior
 16399 | D:11     | Noticed a two-headed ogre
 16596 | D:10     | Lost mutation: Your body sometimes deteriorates upon taking damage. [potion of mutation]
 16596 | D:10     | Lost mutation: You have a pair of small antennae on your head. [potion of mutation]
 16596 | D:10     | Gained mutation: You are partially covered in thin metallic scales. (AC +2) [potion of mutation]
 16596 | D:10     | Gained mutation: You have sharp toenails. [potion of mutation]
 16702 | D:11     | Found a transporter.
 17551 | D:11     | Noticed a brown ugly thing
 17605 | D:11     | Killed a two-headed ogre
 18092 | D:9      | Killed Psyche
 18438 | D:8      | Killed Erica
 18633 | D:8      | Killed a one-headed hydra
 18633 | D:8      | Received a gift from Okawaru
 18911 | Lair:1   | Entered Level 1 of the Lair of Beasts
 18928 | D:8      | Reached XP level 12. HP: 78/93 MP: 23/23
 19189 | Lair:1   | Learned a level 3 spell: Gell's Gravitas
 19194 | Lair:1   | Learned a level 4 spell: Petrify
 19198 | Lair:1   | Learned a level 3 spell: Confuse
 19361 | Lair:1   | Received a gift from Okawaru
 19526 | Lair:1   | Noticed Nergalle
 19541 | Lair:1   | Killed Nergalle
 19899 | Lair:1   | Noticed Gastronok
 19911 | Lair:1   | Killed Gastronok
 21536 | Lair:2   | Reached XP level 13. HP: 101/101 MP: 25/25
 21556 | Lair:2   | Noticed pepi55's ghost (journeyman MiFi)
 22311 | Lair:2   | Reached ****** piety under Okawaru
 22647 | Lair:2   | Found a staircase to the Swamp.
 23300 | Lair:3   | Received a gift from Okawaru
 24254 | Lair:4   | Found a staircase to the Snake Pit.
 24643 | Lair:4   | Learned a level 5 spell: Silence
 24716 | Lair:4   | Received a gift from Okawaru
 24770 | Lair:4   | Received a gift from Okawaru
 25103 | Lair:4   | Received a gift from Okawaru
 25414 | Lair:5   | Found a staircase to the Slime Pits.
 25459 | Lair:5   | Found a stormy altar of Qazlal.
 25626 | Lair:5   | Found a viscous altar of Jiyva.
 26001 | Lair:6   | Entered Level 6 of the Lair of Beasts
 26593 | Lair:6   | Learned a level 4 spell: Summon Lightning Spire
 27318 | Lair:6   | Reached XP level 14. HP: 65/109 MP: 27/27
 27659 | Lair:6   | Received a gift from Okawaru
 28082 | Lair:6   | Reached skill level 10 in Fighting
 28095 | Lair:6   | Found the +6 lightning scales {run, rElec}
 28150 | Lair:6   | Identified a scroll of acquirement
 28152 | Lair:6   | Received a gift from Okawaru
 28967 | Lair:6   | Got a crude falchion
 28972 | Lair:6   | Identified the +6 falchion of Crystal {holy, Str+5} (You found it on level 6 of the Lair of Beasts)
 29753 | Lair:6   | Reached skill level 10 in Invocations
 30053 | D:8      | Learned a level 3 spell: Regeneration
 30070 | D:8      | Learned a level 2 spell: Shroud of Golubria
 30085 | D:8      | Reached XP level 15. HP: 117/117 MP: 28/28
 30541 | D:11     | Got an ebony trident
 30542 | D:11     | Identified the cursed +2 trident of Diottour {freeze, *Rage Str+5 Dex+3} (You found it on level 11 of the Dungeon)
 30935 | D:11     | Shot with an arrow by a centaur warrior

Vault maps used:
D:1:      lightli_arrival_maybe_door_vault
D:2:      old_standard_altar, lemuel_doored_altar, uniq_sigmund
D:3:      first_ration, serial_park_tiny_1
D:4:      chequers_temple_overflow_minitemple, grunt_dithmenos_smoke
D:5:      grunt_temple_overflow_cloverleaf, minmay_misc_feat_tiny,
          serial_bayou_pond_c
D:6:      led_sif_book
D:7:      lemuel_round_altar, minmay_temple_entry_purple_smoke
D:8:      lemuel_crystal_altar, david_lair_shrubbed, nicolae_ossuary_entry_plus,
          uniq_grum, uniq_psyche, uniq_erica
D:9:      serial_shops, shop
D:10:     grunt_tengu_nest, uniq_joseph
D:11:     gammafunk_the_bubble
D:12:     minmay_the_grid_square_5x5_4x4_mashed, elyvilon_altar_5, uniq_rupert,
          uniq_frances
Temple:   compressed_dpeg_triangle_lava_temple
Lair:1:   special_room, uniq_gastronok, uniq_nergalle
Lair:2:   regret_index_tunnel_blossom, minmay_swamp_entry_worms,
          roderic_batcave, minivault_23, lemuel_fruit_tree
Lair:4:   guppyfry_snake_entry_island, grunt_megastairs_3
Lair:5:   slime_altar_1, basic_altar
Lair:6:   hangedman_lair_caniforms_friends, guppyfry_lair_end_dragon,
          st_stairs_11, serial_bayou_shore_a
Ossuary:  ossuary_tomb_3

Skill      XL: |  1  2  3  4  5  6  7  8  9 10 11 12 13 14 |
---------------+-------------------------------------------+-----
Translocations | 2 3 4 5 6 7 8 |  8.3
Invocations    | 1 2 3 4 5 6 7 8 9 10 | 10.3
Short Blades   | 1 2 3 4 5 6 7 8 9 |  9.5
Long Blades    | 1 2 3 4 5 6 7 8 9 |  9.5
Axes           | 1 2 3 4 5 6 7 8 9 |  9.5
Maces & Flails | 1 2 3 4 5 6 7 8 9 |  9.5
Polearms       | 1 2 3 4 5 6 7 8 9 |  9.5
Staves         | 1 2 3 4 5 6 7 8 9 |  9.5
Slings         | 1 2 3 4 5 6 7 8 9 |  9.5
Bows           | 1 2 3 4 5 6 7 8 9 |  9.5
Crossbows      | 1 2 3 4 5 6 7 8 9 |  9.5
Dodging        | 1 2 3 4 5 6 7 8 9 |  9.5
Shields        | 1 2 3 4 5 6 7 8 9 |  9.5
Unarmed Combat | 1 2 3 4 5 6 7 8 9 |  9.5
Evocations     | 1 2 3 4 5 6 7 8 9 |  9.5
Spellcasting   | 3 4 5 6 7 8 9 |  9.9
Conjurations   | 1 2 3 4 5 6 7 |  7.9
Hexes          | 1 2 3 4 5 6 7 |  7.9
Charms         | 1 2 3 4 5 6 7 |  7.9
Summonings     | 1 2 3 4 5 6 7 |  7.9
Necromancy     | 1 2 3 4 5 6 7 |  7.9
Transmutations | 1 2 3 4 5 6 7 |  7.9
Fire Magic     | 1 2 3 4 5 6 7 |  7.9
Ice Magic      | 1 2 3 4 5 6 7 |  7.9
Air Magic      | 1 2 3 4 5 6 7 |  7.9
Earth Magic    | 1 2 3 4 5 6 7 |  7.9
Throwing       | 3 4 5 6 7 8 9 |  9.8
Armour         | 3 4 5 6 7 8 9 |  9.8
Stealth        | 3 4 5 6 7 8 9 |  9.8
Fighting       | 5 6 7 8 9 10 | 10.5
Poison Magic   | 6 7 8 9 |  9.7

Action                   |  1- 3 |  4- 6 |  7- 9 | 10-12 | 13-15 || total
-------------------------+-------+-------+-------+-------+-------++-------
Melee: Club              |   122 |       |       |       |       ||   122
       Bite              |    19 |    27 |    47 |   118 |   144 ||   355
       Hand axe          |    44 |    96 |       |       |       ||   140
       Flail             |       |    75 |   428 |   416 |       ||   919
       Punch             |       |     2 |     8 |     2 |       ||    12
       Falchion          |       |       |       |   195 |       ||   195
       Kick              |       |       |       |   185 |   115 ||   300
       Scimitar          |       |       |       |   301 |   633 ||   934
Throw: Throwing net      |       |       |     4 |       |       ||     4
       Javelin           |       |       |       |       |    24 ||    24
 Cast: Magic Dart        |     1 |    15 |     1 |     6 |    11 ||    34
       Slow              |     1 |     6 |     1 |    28 |    17 ||    53
       Blink             |       |       |     4 |     2 |     2 ||     8
       Conjure Flame     |       |       |     2 |       |     2 ||     4
       Confuse           |       |       |       |     2 |     4 ||     6
       Summon Lightning  |       |       |       |       |    12 ||    12
       Gell's Gravitas   |       |       |       |       |     1 ||     1
       Regeneration      |       |       |       |       |     1 ||     1
       Shroud of Golubri |       |       |       |       |     1 ||     1
Invok: Finesse           |       |       |       |     3 |       ||     3
       Heroism           |       |       |       |     2 |       ||     2
  Use: Scroll            |       |     4 |     6 |    22 |    26 ||    58
       Potion            |       |     2 |     7 |    11 |    10 ||    30
 Stab: Sleeping          |     2 |     1 |     3 |    13 |    13 ||    32
       Distracted        |       |       |       |     3 |     3 ||     6
       Confused          |       |       |       |       |     3 ||     3
  Eat: Chunk             |     3 |     8 |    14 |    12 |    16 ||    53
       Ration            |       |     1 |     1 |     8 |     4 ||    14
Armor: Ring mail         |    66 |    58 |    82 |   229 |   197 ||   632
Dodge: Dodged            |   111 |   170 |   377 |   839 |   646 ||  2143
Block: Buckler           |       |       |       |   174 |   219 ||   393
       Rpst.: Falchion   |       |       |       |    30 |       ||    30
       Scimitar          |       |       |       |   104 |   144 ||   248

Table legend:
 A = Spawn XP
 B = Non-spawn XP
 C = Spawn XP percentage of total XP
 D = Spawn monster count
 E = Non-spawn monster count
 F = Spawn count percentage of total count
 G = Total turns spent on level
                    A         B        C        D         E        F      G
               +---------+---------+-------+---------+---------+-------+---------
         Total |       0 |   74951 |   0.0 |       0 |     558 |   0.0 | 30935
               +---------+---------+-------+---------+---------+-------+---------
           D:1 |       0 |      48 |   0.0 |       0 |      27 |   0.0 |  1599
           D:2 |       0 |     317 |   0.0 |       0 |      24 |   0.0 |  2137
           D:3 |       0 |      10 |   0.0 |       0 |       5 |   0.0 |  1077
           D:4 |       0 |     303 |   0.0 |       0 |      15 |   0.0 |  1131
           D:5 |       0 |     397 |   0.0 |       0 |      16 |   0.0 |  1145
           D:6 |       0 |    1059 |   0.0 |       0 |      25 |   0.0 |  1750
           D:7 |       0 |     871 |   0.0 |       0 |      34 |   0.0 |  1523
           D:8 |       0 |    5938 |   0.0 |       0 |      55 |   0.0 |  3094
           D:9 |       0 |    5714 |   0.0 |       0 |      41 |   0.0 |  2776
          D:10 |       0 |    1774 |   0.0 |       0 |      19 |   0.0 |  1495
          D:11 |       0 |    5856 |   0.0 |       0 |      26 |   0.0 |  1611
        Lair:1 |       0 |    8871 |   0.0 |       0 |      47 |   0.0 |  2304
        Lair:2 |       0 |    6598 |   0.0 |       0 |      58 |   0.0 |  1496
        Lair:3 |       0 |    4839 |   0.0 |       0 |      14 |   0.0 |  1306
        Lair:4 |       0 |    6204 |   0.0 |       0 |      24 |   0.0 |  1021
        Lair:5 |       0 |    4410 |   0.0 |       0 |      16 |   0.0 |  1617
        Lair:6 |       0 |   21593 |   0.0 |       0 |      96 |   0.0 |  3147
       Ossuary |       0 |     149 |   0.0 |       0 |      16 |   0.0 |   448
               +---------+---------+-------+---------+---------+-------+---------
